 Dungeon Crawl Stone Soup version 0.27.1-33-g824d729ab1 (console) character file.

Game seed: 2502637253194527384

17 Banquo the Ducker (level 2, 0/23 HPs)
             Began as a Djinni Gladiator on Dec 15, 2021.
             Slain by a hound (4 damage)
             ... on level 2 of the Dungeon.
             The game lasted 00:02:07 (1213 turns).

Banquo the Ducker (Djinni Gladiator)                Turns: 1213, Time: 00:02:07

Health: 0/23       AC:  4    Str: 13    XL:     2   Next: 80%
Gold:   79         EV: 12    Int:  9    God:
                   SH:  0    Dex: 14

rFire    + + .     SeeInvis .   a - +0 rapier
rCold    x . .     Faith    .   (no shield)
rNeg     . . .     Spirit   .   b - +0 leather armour
rPois    ∞         Reflect  .   c - +0 helmet
rElec    .         Harm     .   (no cloak)
rCorr    .         Rampage  .   (no gloves)
Will     .....                  (boots unavailable)
Stlth    +.........             (no amulet)
HPRegen  0.07/turn              (no ring)
MPRegen  0.00/turn              (no ring)

@: flying
A: sickness immunity, fire resistance 2, cold vulnerability 1, float, innate
caster, hp casting, extra vitality 1
a: no special abilities


You were on level 2 of the Dungeon.
You visited 1 branch of the dungeon, and saw 2 of its levels.

You collected 79 gold pieces.

Inventory:

Hand Weapons
 a - a +0 rapier (weapon)
 m - a +0 rapier
 o - a +0 spear
 p - a +0 war axe
Missiles
 d - 3 throwing nets (quivered)
 f - 23 sling bullets
 g - 73 stones
Armour
 b - a +0 leather armour (worn)
 c - a +0 helmet (worn)
Scrolls
 e - a scroll of fog {unknown}
 h - a scroll of enchant weapon {unknown}
 i - 2 scrolls of teleportation {unknown}
 k - a scroll of vulnerability {unknown}
 q - a scroll of immolation {unknown}
Potions
 j - 2 potions of curing {unknown}
 l - a potion of degeneration {unknown}
 n - a potion of haste {unknown}


   Skills:
 + Level 2.1 Fighting
 + Level 3.2 Short Blades
 - Level 1.5 Throwing
 - Level 3.2 Dodging
 * Level 0.5 Spellcasting


You had 2 spell levels left.
You didn't know any spells.
Your spell library was empty.

Dungeon Overview and Level Annotations

Branches:
Dungeon (2/15)

Altars:


Innate Abilities, Weirdness & Mutations

You are immune to sickness and miasma.
You are immune to poison.
Your flesh is very heat resistant. (rF++)
You are vulnerable to cold. (rC-)
You float through the air rather than walking.
You learn spells naturally, not from books.
Your magical power is your life essence.
You have superior vitality. (+4 HP)


Message History

A bat and a hound come into view.
The hobgoblin shouts!
The hound barks!
The hobgoblin misses you.
You hit the hobgoblin but do no damage. The hobgoblin barely misses you.
You hit the hobgoblin but do no damage.
The hobgoblin hits you but does no damage.
You closely miss the hobgoblin. The hobgoblin hits you.
You closely miss the hobgoblin. The hobgoblin closely misses you.
You hit the hobgoblin.
You kill the hobgoblin!
The bat hits you but does no damage. The bat hits you.
You barely miss the bat. The bat closely misses you.
You closely miss the hound. The hound bites you. The hound barely misses you.
You hit the hound but do no damage. The hound bites you.
You puncture the hound!
The hound is heavily wounded.
The hound bites you but does no damage. The hound closely misses you.
You miss the hound.
The hound is moderately wounded.
The hound barely misses you.
You barely miss the hound.
The hound is moderately wounded.
The hound misses you. The hound bites you.
You closely miss the hound.
The hound is moderately wounded.
The hound bites you but does no damage.
You barely miss the hound.
The hound is moderately wounded.
The hound misses you. The hound bites you.
You are too injured to fight recklessly!
You are too injured to fight recklessly!
You are too injured to fight recklessly!
You barely miss the hound.
The hound is moderately wounded.
The hound barely misses you. The hound bites you.
* * * LOW HITPOINT WARNING * * *
You closely miss the hound.
The hound is moderately wounded.
The hound bites you.
You die...

..#.#.#.#
#.....................
#.##.#.#.#
#...........#......... #. .
#.#.#............†.#........
...#
#.....####.##.####..........
... ....##
#..#.##............ .. ....#
##.#.....##<....... ...#
#..#..#.##........
###....##..#.#......
#bh@.#####.#.#......
#.##.......#........ #.
##.............#. ..
#...............# ..
#...............# ..
#...............# #
#...............#
#....>..........#
#...............#


You could see a hound and a bat.

Vanquished Creatures
  A dart slug (D:2)
  2 endoplasms (D:1)
  A goblin (D:1)
  2 hobgoblins
  3 ball pythons
  A bat (D:2)
  2 frilled lizards
  2 kobolds
  A rat (D:2)
15 creatures vanquished.

Notes
Turn   | Place    | Note
-------+----------+-------------------------------------------
     0 | D:1      | Banquo the Djinni Gladiator began the quest for the Orb.
     0 | D:1      | Reached XP level 1. HP: 18/18 MP: 0/0
   411 | D:1      | Reached XP level 2. HP: 23/23 MP: 0/0
  1213 | D:2      | Slain by a hound

Illustrated notes

Levels and vault maps discovered:
D:1:      minmay_arrival_doors, layout_basic
D:2:      cheibrodos_greedy_goblins, layout_rooms, minmay_box_of_dots

Skill      XL: |  1  2 |
---------------+-------+-----
Short Blades   | 3 |  3.2
Fighting       | |  2.1
Throwing       | |  1.5
Dodging        | |  3.2
Spellcasting   | |  0.5

Action                   || total
-------------------------++-------
Melee: Rapier            ||    77
Armor: Leather armour    ||    21
Dodge: Dodged            ||    55
